AoeStats
← MatzeAoE

MegaRandom

504723637Analyzed
1v1 RM · 26d ago on Sep 6, 2026· 20m 28s· 2 players
Game mode
Random Map
Map size
Tiny (2 player)
Population
200
Speed
Normal
Resources
Standard
Victory
Conquest
Starting age
Dark Age
Ending age
Imperial Age
RankedLock teamsTeams togetherTeam positionsShared explorationLock speedFull tech treeHidden civsTurbo modeCheats
Victory
Defeat
🇩🇪 Byzantines · Germany
2076
+29
🇷🇴 Bengalis · Romania
2444
-29
Andre_2i
5:29 Loom
6:34 Loom
10:47 Feudal Age
14:32 Castle Age
13:28 Double-Bit Axe
17:54 Fletching
MatzeAoE
6:40 Loom
11:57 Feudal Age
12:43 Double-Bit Axe
16:38 Castle Age
18:12 Gold Mining
19:46 Gold Shaft Mining
19:24 Bow Saw
20:21 Horse Collar
Connection lost

Rejoining the realm…

Still unreachable

The connection could not be restored.

Session expired

The server has moved on; the page needs a fresh start.